Map: [ESL] Site Delta

Players

Bunny - Winner!

  • Race: Terran Terran
  • Spawn Location: 11:00

Kelazhur

  • Race: Terran Terran
  • Spawn Location: 5:00

Event: IEM Katowice 2024

VOD

Have the link to the VOD?

Description

Time

  • Played on: Dec. 8, 2023, 2 p.m.
  • Length: 10:11

All games in this series

Show
View Real Time Build Order
Export as new Build Order

Bunny Terran - Winner!

Build Orders:  

Get SALT Encoding   

  12  0:00  SCV  
  13  0:12  SCV  
  14  0:17  Supply Depot  
  14  0:25  SCV  
  15  0:39  SCV  
  15  0:40  Barracks  
  15  0:42  Refinery  
  16  0:51  SCV  
  16  0:52  Refinery  
  17  1:03  SCV  
  18  1:15  SCV  
  19  1:28  Orbital Command, Reaper  
  19  1:31  Supply Depot  
  20  1:42  Factory  
  20  1:53  SCV  
  21  2:00  Reaper  
  22  2:05  SCV  
  23  2:17  SCV  
  24  2:24  Command Center  
  24  2:28  Hellion  
  26  2:32  SCV  
  26  2:33  Barracks Reactor  
  27  2:38  Supply Depot  
  27  2:44  SCV  
  28  2:54  Starport  
  28  2:56  SCV  
  28  3:08  SCV  
  28  3:21  SCV  
  28  3:25  Cyclone x2  
  31  3:32  Medivac  
  31  3:33  SCV  
  34  3:36  Orbital Command  
  34  3:45  SCV  
  35  3:56  Command Center  
  35  3:57  SCV  
  35  4:00  Cyclone  
  38  4:03  Starport Tech Lab  
  38  4:06  SCV  
  38  4:08  Cyclone  
  41  4:11  SCV  
  42  4:18  SCV  
  42  4:20  Supply Depot  
  42  4:23  Raven, SCV  
  46  4:24  Interference Matrix  
  46  4:28  Refinery  
  46  4:30  SCV  
  47  4:37  Cyclone  
  49  4:39  SCV  
  49  4:40  Cyclone  
  49  4:42  SCV  
  49  4:44  Supply Depot  
  53  4:47  Marine  
  53  4:51  SCV  
  55  4:54  SCV  
  45  5:03  SCV  
  45  5:06  SCV  
  46  5:09  Cyclone  
  46  5:12  Cyclone, SCV  
  49  5:15  SCV  
  49  5:19  SCV  
  51  5:22  Raven  
  51  5:28  Orbital Command, SCV  
  55  5:31  SCV  
  55  5:40  SCV  
  56  5:43  Barracks Tech Lab, SCV  
  57  5:52  SCV  
  57  5:55  SCV  
  57  5:57  SCV  
  57  5:59  Barracks  
  57  6:02  Barracks, Marine  
  57  6:03  Stimpack  
  59  6:04  SCV  
  59  6:05  Barracks  
  59  6:07  SCV  
  59  6:10  SCV  
  62  6:12  Factory Reactor  
  62  6:14  Raven  
  62  6:16  SCV  
  65  6:19  SCV  
  65  6:20  Engineering Bay  
  65  6:22  SCV  
  65  6:23  Engineering Bay  
  67  6:26  Marine  
  67  6:28  SCV  
  67  6:32  SCV  
  70  6:34  Barracks  
  70  6:36  Refinery  
  70  6:38  Barracks, Orbital Command  
  70  6:40  SCV, Supply Depot  
  70  6:44  SCV  
  72  6:49  Bunker  
  72  6:52  SCV  
  73  6:55  Marine x2  
  73  6:56  Marine  
  73  6:58  SCV  
  73  6:59  Starport Reactor  
  77  7:03  Siege Tank, Marine x2  
  77  7:05  SCV  
  81  7:11  Terran Infantry Weapons Level 1, Terran Infantry Armor Level 1  
  81  7:13  Marine x2  
  81  7:14  Marine  
  84  7:21  Marine x2  
  85  7:24  SCV  
  85  7:26  Supply Depot  
  85  7:28  Supply Depot  
  84  7:31  Marine x4  
  84  7:32  Marine  
  84  7:36  Siege Tank, SCV  
  91  7:39  Marine x2  
  91  7:40  Medivac  
  92  7:48  Marine x2, Medivac, SCV  
  92  7:49  Marine x2  
  99  7:54  Marine  
  99  7:56  Combat Shield  
  99  7:57  Orbital Command  
  100  8:00  Marine x2  
  102  8:06  Marine x2  
  102  8:07  Marine x2  
  102  8:08  SCV  
  102  8:10  Medivac  
  109  8:18  Medivac  
  104  8:20  SCV  
  104  8:24  Marine x2  
  104  8:25  Marine x3  
  97  8:27  Barracks Reactor x2  
  97  8:28  SCV x2  
  97  8:32  SCV  
  99  8:34  Armory  
  99  8:40  SCV x2  
  101  8:42  Marine x3  
  101  8:44  SCV  
  101  8:45  Siege Tank  
  108  8:50  Marine  
  108  8:54  Supply Depot  
  109  8:56  Supply Depot  
  109  8:57  Supply Depot  
  109  9:02  Missile Turret  
  109  9:04  Supply Depot  
  109  9:06  Missile Turret  
  109  9:16  SCV x2, Marine x6  
  117  9:17  SCV, Marine x2  
  117  9:18  Siege Tank  
  117  9:19  Marine  
  117  9:23  Supply Depot  
  124  9:28  SCV x2  
  124  9:29  SCV  
  127  9:33  Marine x6  
  127  9:35  Marine x2  
  129  9:44  Marine  
  123  9:51  Marine x6  
  129  9:53  Marine x2  
Show
View Real Time Build Order
Export as new Build Order

Kelazhur Terran 

Build Orders: Cyclone Opening, Reaper Expand 

Get SALT Encoding   

  12  0:00  SCV  
  13  0:12  SCV  
  14  0:17  Supply Depot  
  14  0:24  SCV  
  15  0:38  SCV  
  15  0:39  Barracks  
  16  0:43  Refinery  
  16  0:51  SCV  
  17  1:03  SCV  
  18  1:15  SCV  
  19  1:27  Orbital Command, Reaper  
  20  1:39  Command Center  
  20  1:52  Supply Depot  
  20  1:53  SCV  
  21  1:59  Marine  
  22  2:05  SCV  
  22  2:06  Factory  
  23  2:13  Bunker  
  23  2:16  Marine  
  23  2:19  SCV  
  25  2:27  Refinery  
  25  2:31  SCV  
  25  2:36  Barracks Reactor  
  26  2:43  SCV  
  27  2:49  Cyclone  
  29  2:52  Orbital Command  
  29  2:55  SCV  
  29  3:08  SCV  
  30  3:16  Starport  
  30  3:17  Marine x2  
  30  3:19  SCV  
  33  3:20  SCV  
  33  3:29  Factory Tech Lab  
  33  3:31  SCV  
  35  3:34  SCV  
  35  3:35  Marine x2  
  35  3:38  Refinery  
  37  3:41  Supply Depot  
  37  3:43  SCV  
  37  3:46  SCV  
  39  3:49  Cyclone  
  39  3:53  Marine x2, Medivac  
  45  3:55  SCV  
  45  3:58  Supply Depot  
  46  4:03  SCV  
  46  4:07  SCV  
  48  4:11  Marine x2  
  48  4:16  SCV  
  51  4:20  SCV  
  51  4:21  Siege Tank  
  55  4:26  Supply Depot  
  55  4:28  SCV  
  55  4:29  Starport Tech Lab, Marine x2  
  58  4:32  SCV  
  58  4:34  Supply Depot  
  56  4:40  SCV  
  56  4:44  SCV  
  57  4:46  Marine  
  57  4:47  Marine  
  57  4:50  Raven  
  57  4:52  SCV  
  61  4:56  Siege Tank  
  63  5:05  Marine x2, SCV  
  52  5:13  Interference Matrix  
  45  5:14  SCV  
  45  5:17  SCV  
  42  5:23  Marine x2  
  42  5:26  SCV  
  41  5:29  Raven, SCV  
  44  5:39  SCV  
  44  5:40  Marine  
  44  5:41  SCV, Marine  
  44  5:51  SCV  
  44  5:53  SCV  
  44  5:54  Siege Tank  
  48  5:58  Marine x2  
  48  6:03  SCV  
  51  6:05  SCV  
  51  6:10  Refinery  
  52  6:12  Raven  
  52  6:15  SCV  
  52  6:16  Marine x2  
  52  6:18  SCV  
  58  6:23  Supply Depot  
  58  6:27  SCV  
  58  6:30  SCV  
  60  6:38  Siege Tank, Command Center  
  63  6:40  Marine x2  
  63  6:42  SCV  
  66  6:53  SCV  
  67  6:59  SCV  
  70  7:06  SCV  
  69  7:10  Barracks x2  
  69  7:11  SCV  
  69  7:14  Supply Depot  
  72  7:15  Siege Tank  
  72  7:16  Supply Depot  
  72  7:18  Viking  
  72  7:21  SCV  
  75  7:25  SCV  
  75  7:26  Supply Depot  
  76  7:33  Engineering Bay  
  76  7:34  SCV  
  78  7:37  SCV  
  78  7:45  Liberator  
  78  7:46  SCV  
  78  7:49  SCV  
  78  7:50  Orbital Command  
  83  7:53  Siege Tank  
  86  8:03  SCV  
  87  8:12  Liberator  
  85  8:21  Marine  
  85  8:23  SCV  
  85  8:25  Siege Tank  
  72  8:28  Marine x2  
  72  8:29  Stimpack  
  72  8:33  Barracks  
  71  8:35  Barracks  
  71  8:36  SCV  
  71  8:39  Marine  
  73  8:41  Refinery  
  73  8:45  Engineering Bay  
  73  8:47  SCV  
  74  8:49  Barracks Reactor  
  74  8:51  SCV x2  
  74  8:54  Missile Turret  
  76  8:57  Siege Tank, Marine  
  80  9:03  SCV  
  80  9:04  Starport Reactor  
  80  9:07  Marine  
  82  9:11  Marine  
  82  9:14  Marine  
  82  9:15  Supply Depot  
  82  9:16  Orbital Command, SCV  
  85  9:19  Missile Turret  
  85  9:21  Supply Depot  
  84  9:25  Marine  
  84  9:26  SCV  
  84  9:30  SCV  
  65  9:33  Marine  
  65  9:34  Marine  
  65  9:36  Siege Tank, Marine x2  
  65  9:38  Marine, SCV  
  70  9:40  Marine  
  70  9:41  SCV  
  70  9:42  SCV  
  66  9:52  Marine x3  
  67  9:59  SCV  

Tags
 
Add a new tag
Caveats
  • Supply blocks, unpowered buildings, or Contaminate may cause inaccurate times.
  • Supply counts are checked every 10 seconds.